 Dungeon Crawl Stone Soup version 0.32-a0-818-gb728d0252e (webtiles) character file.

Game seed: 14472015372240110789

20448 smashvw the Bludgeoner (level 12, -2/93 (106) HPs)
             Began as a Minotaur Fighter on Mar 24, 2024.
             Was a High Priest of Okawaru.
             Slain by a jumping spider (7 damage)
             ... on level 3 of the Lair of Beasts.
             The game lasted 00:25:35 (13196 turns).

smashvw the Bludgeoner (Minotaur Fighter)          Turns: 13196, Time: 00:25:36

HP:   -2/93 (106)   AC: 21    Str: 33    XL:     12   Next: 45%
MP:   11/11         EV:  5    Int:  7    God:    Okawaru [*****.]
Gold: 647           SH:  0    Dex:  9    Spells: 11/11 levels left

rFire   . . .        F - +6 great mace of Liov {freeze, ^Fragile Fly rPois Int+2}
rCold   . . .        (shield currently unavailable)
rNeg    . . .        H - +0 crystal plate armour
rPois   +            (helmet restricted)
rElec   .            I - scarf {shadows}
rCorr   .            i - +1 pair of gloves
SInv    .            (no boots)
Will    .....        d - amulet of regeneration Stlth
                     p - +6 ring of strength
HPRegen 1.15/turn    Q - +4 ring of slaying
MPRegen 0.12/turn

%: no passive effects
@: about to teleport, flying, heavily drained
A: horns 2, retaliatory headbutt
a: Renounce Religion, Heroism, Finesse, Duel


You were on level 3 of the Lair of Beasts.
You worshipped Okawaru.
Okawaru was extremely pleased with you.
You visited 3 branches of the dungeon, and saw 15 of its levels.
You also visited: Sewer.

You collected 1007 gold pieces.
You spent 360 gold pieces at shops.

Inventory:

Hand Weapons
 F - the +6 great mace of Liov (weapon) {freeze, ^Fragile Fly rPois Int+2}
   (You found it on level 4 of the Dungeon)

   Int+2:     It affects your intelligence (+2).
   rPois:     It protects you from poison.
   Fly:       It grants you flight.
   ^Fragile:  It will be destroyed if unequipped.
Missiles
 a - 7 javelins
 m - an atropa-tipped dart
 u - 3 datura-tipped darts
 J - 3 throwing nets
 R - a silver javelin (quivered)
 S - 9 boomerangs
 T - 3 darts of dispersal
 U - 15 poisoned darts
Armour
 c - a +0 buckler
 g - a +0 cloak
 i - a +1 pair of gloves (worn)
 H - a +0 crystal plate armour (worn)
 I - a scarf of shadows (worn)
Jewellery
 d - an amulet of regeneration (around neck)
 p - a +6 ring of strength (left hand)
 Q - a +4 ring of slaying (right hand)
Wands
 v - a wand of polymorph (7)
 w - a wand of iceblast (15)
 O - a wand of digging (5)
Scrolls
 e - 4 scrolls of amnesia
 f - 6 scrolls of teleportation
 j - 4 scrolls of vulnerability {unknown}
 l - 3 scrolls of revelation {unknown}
 n - 3 scrolls of silence {unknown}
 o - 4 scrolls of fog {unknown}
 q - 2 scrolls of acquirement {unknown}
 t - 2 scrolls of blinking {unknown}
 y - 14 scrolls of identify {unknown}
 A - 2 scrolls of poison {unknown}
 E - a scroll of fear {unknown}
 G - a scroll of immolation {unknown}
 L - 2 scrolls of noise {unknown}
 M - a scroll of enchant weapon {unknown}
 N - 2 scrolls of brand weapon {unknown}
 P - 4 scrolls of enchant armour {unknown}
 X - a scroll of butterflies {unknown}
Potions
 b - 3 potions of magic {unknown}
 h - 2 potions of heal wounds {unknown}
 k - 6 potions of haste {unknown}
 r - 6 potions of curing
 s - 3 potions of berserk rage {unknown}
 x - a potion of ambrosia
 z - 2 potions of brilliance {unknown}
 B - 2 potions of resistance {unknown}
 C - 4 potions of mutation {unknown}
 D - a potion of invisibility {unknown}
 K - a potion of lignification {unknown}
 V - 3 potions of enlightenment {unknown}
 Y - 2 potions of might
 Z - 2 potions of degeneration {unknown}


   Skills:
 - Level 10.0 Fighting
 - Level 20.0 Maces & Flails
 - Level 5.0 Throwing
 + Level 7.9 Armour
 - Level 5.0 Shields
 - Level 3.0 Evocations


You had 11 spell levels left.
You didn't know any spells.
Your spell library contained the following spells:

 Spells                   Type           Power      Damage    Failure   Level
 Blink                    Tloc           0%         N/A       100%        2
 Cigotuvi's Dreadful Rot  Necr/Alch/Air  0%         N/A       100%        2
 Lesser Beckoning         Tloc           0%         N/A       100%        2
 Mercury Vapours          Alch/Air       0%         N/A       100%        2
 Momentum Strike          Conj/Tloc      0%         3d8       100%        2
 Dazzling Flash           Conj/Hex       0%         N/A       100%        3
 Mephitic Cloud           Conj/Alch/Air  0%         N/A       100%        3
 Sigil of Binding         Hex            0%         N/A       100%        3
 Dimensional Bullseye     Hex/Tloc       0%         N/A       100%        4
 Dispel Undead            Necr           0%         3d6       100%        4
 Curse of Agony           Necr           0%         N/A       100%        5
 Freezing Cloud           Conj/Ice/Air   0%         6-21      100%        5
 Silence                  Hex/Air        0%         N/A       100%        5
 Call Canine Familiar     Summ           Unusable   N/A       N/A         3
 Martyr's Knell           Necr/Summ      Unusable   N/A       N/A         4

Dungeon Overview and Level Annotations

Branches:
Dungeon (11/15)            Temple (1/1) D:7            Lair (3/5) D:10
  Swamp (0/4) Lair:2          Orc (0/2) D:9           Sewer (visited)
  Snake: Lair:2-3    Spider: Lair:2-3

Altars:
Ashenzari
Cheibriados
Dithmenos
Elyvilon
Fedhas
Gozag
Hepliaklqana
Kikubaaqudgha
Makhleb
Nemelex Xobeh
Okawaru
Qazlal
Ru
Sif Muna
Trog
Uskayaw
Vehumet
Wu Jian
Xom
Yredelemnul
Zin
The Shining One

Shops:
D:1 ?   D:8 =   D:11 :

Annotations:
D:5 1 runed translucent door, Crazy Yiuf
D:6 2 transporters, Fractals's ghost, novice KoHs
D:10 1 transporter, inkslinger's ghost, journeyman CoGl


Innate Abilities, Weirdness & Mutations

You have a pair of horns on your head.
You reflexively headbutt those who attack you in melee.


Message History

The jumping spider bites you.
A pharaoh ant comes into view.
The jumping spider barely misses you. You furiously retaliate!
You headbutt the jumping spider! The jumping spider barely misses you.
You barely miss the jumping spider.
The pharaoh ant gives a chilling moan.
Your headbutt misses the jumping spider.
The jumping spider is heavily wounded.
You hear an angry hiss.
The jumping spider leaps!
A cane toad comes into view.
Found a potion of curing.
The jumping spider pounces on you!
The jumping spider bites you but does no damage.
The jumping spider pounces on you.
You are caught in a web!
The jumping spider bites you but does no damage.
There is a web, spattered with blood here.
You are caught in a web!
You are caught in a web!
You are caught in a web!
You are caught in a web!
You are caught in a web!
The web tears apart.
The jumping spider pounces on you.
The jumping spider bites you but does no damage.
The pharaoh ant bites you.
You feel drained.
You barely miss the jumping spider. You headbutt the jumping spider.
The jumping spider is severely wounded.
The jumping spider pounces on you but does no damage.
The jumping spider barely misses you. The pharaoh ant bites you!!
You feel drained.
Okay, then.
As you read the scroll of teleportation, it crumbles to dust.
You feel strangely unstable. The jumping spider pounces on you!
The jumping spider bites you. The pharaoh ant bites you!!
* * * LOW HITPOINT WARNING * * *
You feel drained.
* * * LOW HITPOINT WARNING * * *
The cane toad stings you but does no damage.
The jumping spider pounces on you!
You die...

## ##........ . ..
#.##........ ..#..
####.......... ..#..
#.............
.....##....##.......
..........#####.....
#.......#.# #....
...$..B#.## ....
##.#.F@#.# ..
......s..P.#
............#
.............
.............
...........!.
.............


You could see a cane toad, a pharaoh ant and a jumping spider.

Vanquished Creatures
  Snorg (D:10)
  Erica (D:8)
  Urug (D:11)
  A bog body (Lair:2)
  3 lindwurms (Lair:1)
  A necromancer (D:11)
  Pikel (D:8)
  2 ugly things (D:11)
  2 black mambas
  A cane toad (Lair:3)
  A rime drake (Lair:1)
  2 komodo dragons
  Psyche (D:8)
  2 polar bears
  2 trolls (D:10)
  A wraith (D:9)
  21 yaks
  2 shadows
  3 wyverns
  A basilisk (Lair:2)
  A warg (D:9)
  2 steam dragons
  An acid dragon (D:11)
  5 water moccasins
  3 black bears
  5 orc warriors
  2 ice beasts
  2 sky beasts (D:7)
  11 wolves
  9 centaurs
  2 lemures (D:8)
  13 bullfrogs
  2 kobold brigands (D:10)
  3 scorpions
  3 gnoll sergeants
  26 killer bees
  13 electric eels
  4 howler monkeys
  7 hounds
  10 orc priests
  A gnoll bouda (D:5)
  An iguana (D:5)
  Ijyb (D:3)
  12 orc wizards
  5 yak simulacra (D:11)
  3 polar bear simulacra (D:11)
  A wolf simulacrum (D:11)
  Robin (D:3)
  21 gnolls
  10 adders
  5 river rats
  A shadow imp (D:8)
  2 white imps
  4 ufetubi
  A dart slug (D:3)
  2 ribbon worms (D:2)
  35 orcs
  11 ball pythons
  5 bats
  9 endoplasms
  4 giant cockroaches
  16 goblins
  15 hobgoblins
  3 quokkas (D:1)
  9 frilled lizards
  10 kobolds
  16 rats
  2 river rat simulacra (D:11)
380 creatures vanquished.

Notes
Turn   | Place    | Note
-------+----------+-------------------------------------------
     0 | D:1      | smashvw the Minotaur Fighter began the quest for the Orb.
     0 | D:1      | Reached XP level 1. HP: 19/19 MP: 0/0
    94 | D:1      | Found a faded altar of an unknown god.
   107 | D:1      | Reached XP level 2. HP: 21/27 MP: 1/1
   296 | D:1      | Reached skill level 3 in Maces & Flails
   443 | D:1      | Reached XP level 3. HP: 29/33 MP: 2/2
   746 | D:1      | Found Tirarog's Magic Scroll Emporium.
  1191 | D:2      | Reached XP level 4. HP: 40/40 MP: 3/3
  1469 | D:3      | Noticed Robin
  1470 | D:3      | Noticed Ijyb
  1486 | D:3      | Killed Ijyb
  1493 | D:3      | Killed Robin
  1565 | D:3      | Reached XP level 5. HP: 47/47 MP: 4/4
  1579 | D:3      | Reached skill level 4 in Maces & Flails
  1691 | D:3      | Found a glowing drain.
  1703 | Sewer    | Entered a sewer
  1791 | Sewer    | Reached skill level 5 in Armour
  1821 | Sewer    | Reached skill level 5 in Fighting
  1821 | Sewer    | Reached skill level 5 in Shields
  1955 | Sewer    | Reached XP level 6. HP: 53/56 MP: 5/5
  2691 | D:4      | Identified the +6 great mace of Liov {freeze, ^Fragile Fly
                  | rPois Int+2}
  2734 | D:4      | Found a broken altar of Ashenzari.
  2736 | D:4      | Found a stormy altar of Qazlal.
  2749 | D:4      | Reached skill level 5 in Maces & Flails
  3135 | D:5      | Entered Level 5 of the Dungeon
  3143 | D:5      | Reached XP level 7. HP: 54/62 MP: 6/6
  3147 | D:5      | Reached skill level 6 in Maces & Flails
  3406 | D:5      | Found a runed translucent door.
  3407 | D:5      | Noticed Crazy Yiuf
  3612 | D:5      | Reached skill level 7 in Maces & Flails
  3879 | D:5      | Found a shimmering blue altar of Sif Muna.
  4070 | D:6      | Reached skill level 8 in Maces & Flails
  4154 | D:6      | Found a transporter.
  4155 | D:6      | Found a transporter.
  4171 | D:6      | Noticed Fractals's ghost (novice KoHs)
  4180 | D:6      | Noticed a queen bee
  4320 | D:6      | Reached XP level 8. HP: 65/70 MP: 7/7
  4326 | D:6      | Reached skill level 9 in Maces & Flails
  4417 | D:6      | Reached skill level 10 in Maces & Flails
  4544 | D:6      | Reached skill level 11 in Maces & Flails
  4703 | D:7      | Found a staircase to the Ecumenical Temple.
  4721 | Temple   | Entered the Ecumenical Temple
  4728 | Temple   | Became a worshipper of Warmaster Okawaru
  4786 | D:7      | Reached skill level 12 in Maces & Flails
  4789 | D:7      | Reached XP level 9. HP: 27/75 MP: 8/8
  5116 | D:7      | Reached skill level 13 in Maces & Flails
  5233 | D:7      | Reached * piety under Okawaru
  5568 | D:8      | Noticed Pikel
  5581 | D:8      | Killed Pikel
  5581 | D:8      | Reached ** piety under Okawaru
  5582 | D:8      | Reached skill level 14 in Maces & Flails
  5753 | D:8      | Identified the +0 scale mail of the Maze {rPois rCorr
                  | Int-3}
  5769 | D:8      | Noticed Erica
  5770 | D:8      | Noticed Psyche
  5786 | D:8      | Killed Erica
  5787 | D:8      | Reached skill level 15 in Maces & Flails
  5801 | D:8      | Killed Psyche
  5801 | D:8      | Reached *** piety under Okawaru
  5802 | D:8      | Reached XP level 10. HP: 28/83 MP: 5/9
  5980 | D:8      | Reached skill level 16 in Maces & Flails
  6061 | D:8      | Found Juog's Jewellery Shop.
  6065 | D:8      | Bought a +4 ring of slaying for 360 gold pieces
  6449 | D:9      | Reached skill level 1 in Throwing
  6500 | D:9      | Reached **** piety under Okawaru
  6648 | D:9      | Found a staircase to the Orcish Mines.
  6661 | D:9      | Identified the +6 rapier "Miziun" {freeze, *Corrode rC+
                  | Str+3}
  7696 | D:9      | Identified the +0 leather armour "Vohaixat" {Dex+2}
  7869 | D:10     | Entered Level 10 of the Dungeon
  8028 | D:10     | Reached skill level 17 in Maces & Flails
  8028 | D:10     | Reached skill level 5 in Throwing
  8217 | D:10     | Found a staircase to the Lair.
  8296 | D:10     | Noticed Snorg
  8303 | D:10     | Killed Snorg
  8304 | D:10     | Reached XP level 11. HP: 14/89 MP: 10/10
  8319 | D:10     | Reached ***** piety under Okawaru
  8799 | D:10     | Found a transporter.
  8800 | D:10     | Noticed inkslinger's ghost (journeyman CoGl)
  8800 | D:10     | Noticed a two-headed ogre
  8802 | D:10     | Identified the +7 dire flail "Cyox" {heavy, rF+ Str-5
                  | Int+5}
  8802 | D:10     | Identified the +2 great mace of the Blowfly {holy, rElec
                  | rPois}
  8802 | D:10     | Noticed a two-headed ogre
  8804 | D:10     | Noticed a two-headed ogre
  8946 | D:10     | Reached skill level 18 in Maces & Flails
  9853 | D:11     | Noticed a purple ugly thing
  9856 | D:11     | Noticed Urug
  9857 | D:11     | Killed a purple ugly thing
  9865 | D:11     | Killed Urug
  9865 | D:11     | Received a gift from Okawaru
 10007 | D:11     | Found Paut's Self-Published Books.
 10124 | D:11     | Noticed a necromancer
 10130 | D:11     | Killed a necromancer
 10131 | D:11     | Reached skill level 19 in Maces & Flails
 10395 | D:11     | Noticed a cyan ugly thing
 10401 | D:11     | Killed a cyan ugly thing
 11117 | Lair:1   | Entered Level 1 of the Lair of Beasts
 11141 | Lair:1   | Received a gift from Okawaru
 11148 | Lair:1   | Noticed a lindwurm
 11151 | Lair:1   | Noticed a lindwurm
 11152 | Lair:1   | Noticed a lindwurm
 11154 | Lair:1   | Killed a lindwurm
 11155 | Lair:1   | Reached skill level 20 in Maces & Flails
 11156 | Lair:1   | Killed a lindwurm
 11157 | Lair:1   | Reached skill level 1 in Evocations
 11161 | Lair:1   | Killed a lindwurm
 11550 | Lair:1   | Reached XP level 12. HP: 92/100 MP: 11/11
 11793 | Lair:1   | Received a gift from Okawaru
 12339 | Lair:2   | Reached skill level 10 in Fighting
 12492 | Lair:2   | Received a gift from Okawaru
 12495 | Lair:2   | Found a staircase to the Swamp.
 13196 | Lair:3   | Slain by a jumping spider

Illustrated notes

Levels and vault maps discovered:
D:1:      eino_arrival_cavern_c, layout_basic,
          hellmonk_ecumenical_altar_pennies_from_heaven, serial_shops,
          nicolae_shop_rolled_up
D:2:      layout_basic
D:3:      layout_loops_ring, portal_sewer_entry_c, nicolae_goblin_pals
D:4:      layout_rooms, mainiacjoe_overflow_catwalk_spiral
D:5:      layout_basic, led_sif_pool, kennysheep_generic_room_12,
          uniq_crazy_yiuf_cottage
D:6:      layout_basic, gammafunk_ghost_hive
D:7:      layout_cave_pools, minmay_temple_entry_slanted
D:8:      layout_loops_ring, minmay_shop_enchanted_jewellery, uniq_pikel,
          uniq_erica, uniq_psyche
D:9:      layout_irregular_city, erik_orc_4
D:10:     layout_layer_cave, erik_lair_island, lightli_bailey_entry_fortress,
          gammafunk_ghost_smash, uniq_snorg
D:11:     layout_basic, nicolae_custom_books, minivault_22, kennysheep_path_1,
          corexii_corridor_pit, eino_house_with_fridge, uniq_urug
Temple:   hellmonk_temple_of_storms
Lair:1:   layout_loops_ring, nicolae_lair_lindhole
Lair:2:   gammafunk_indiana_jones, layout_misc_corridors,
          nicolae_swamp_entry_splash_gauntlet, serial_bayou_shore_b,
          grunt_megastairs_4
Lair:3:   layout_hall_layers, nicolae_spider_entry_lesser_pyramids

Skill      XL: |  1  2  3  4  5  6  7  8  9 10 11 12 |
---------------+-------------------------------------+-----
Shields        | 4 5 |  5.0
Maces & Flails | 3 4 5 8 12 15 17 20 | 20.0
Armour         | 4 5 7 |  7.9
Fighting       | 4 5 7 10 | 10.0
Throwing       | 5 |  5.0
Evocations     | 2 3 |  3.0

Action                     |  1- 3 |  4- 6 |  7- 9 | 10-12 || total
---------------------------+-------+-------+-------+-------++-------
  Melee: Flail             |   111 |   140 |       |       ||   251
         Headbutt          |    14 |    16 |    13 |    48 ||    91
         Great mace        |       |     8 |   159 |   364 ||   531
         Unarmed           |       |       |    23 |       ||    23
 Invoke: Heroism           |       |       |       |     1 ||     1
  Evoke: Wand              |       |       |       |     7 ||     7
    Use: Scroll            |       |       |     2 |     1 ||     3
         Potion            |       |       |     1 |     1 ||     2
 Armour: Scale mail        |    33 |       |       |       ||    33
         Plate armour      |    72 |   152 |       |       ||   224
         Crystal plate arm |       |    10 |   210 |   458 ||   678
         Skin              |       |       |    21 |       ||    21
  Dodge: Dodged            |    41 |    67 |    46 |   119 ||   273
  Block: Buckler           |    26 |    44 |       |       ||    70

Table legend: (Time is in decaauts)
 A = Elapsed time spent in this place.
 B = Non-inter-level travel time spent in this place.
 C = Inter-level travel time spent in this place.
 D = Time resting spent in this place.
 E = Time spent auto-exploring this place.
 F = Levels seen in this place.
 G = Mean time per level.
                   A        B        C        D        E       F      G
               +--------+--------+--------+--------+--------+-----+--------+
         Total |  13282 |  12683 |    599 |    780 |   9939 |  16 |  830.1 |
       Dungeon |  10850 |  10307 |    543 |    580 |   8142 |  11 |  986.4 |
        Temple |     14 |     14 |      0 |      0 |      0 |   1 |   14.0 |
          Lair |   2044 |   1989 |     55 |    200 |   1572 |   3 |  681.3 |
         Sewer |    372 |    372 |      0 |      0 |    224 |   1 |  372.0 |
               +--------+--------+--------+--------+--------+-----+--------+

Top non-repeatable levels by time:
    D:10: 1915 daAuts
    D:11: 1300 daAuts
     D:9: 1148 daAuts
     D:5: 1025 daAuts
  Lair:2: 1002 daAuts
     D:1: 956 daAuts
  Lair:1: 956 daAuts
     D:8: 907 daAuts
     D:3: 871 daAuts
     D:7: 851 daAuts
     D:6: 677 daAuts
     D:2: 601 daAuts
     D:4: 593 daAuts
   Sewer: 372 daAuts
  Lair:3: 85 daAuts
